 Dungeon Crawl Stone Soup version 0.31-a0-983-g7b6862f502 (webtiles) character file.

Game seed: 2666564915141611883

3782 promet the Fighter (level 10, -8/73 HPs)
             Began as an Octopode Brigand on Nov 2, 2023.
             Was a Follower of Dithmenos.
             Mangled by a komodo dragon (27 damage)
             ... on level 8 of the Dungeon.
             The game lasted 01:02:58 (12850 turns).

promet the Fighter (Octopode Brigand)              Turns: 12850, Time: 01:02:58

Health: -8/73      AC:  1    Str: 11    XL:     10   Next: 16%
Magic:  10/10      EV: 14    Int: 14    God:    Dithmenos [*.....]
Gold:   295        SH:  0    Dex: 17    Spells: 4/9 levels left

rFire   . . .        a - +0 glaive
rCold   . . .        (shield currently unavailable)
rNeg    . . .        (helmet restricted)
rPois   .            l - amulet of the acrobat
rElec   .            m - ring of resist corrosion
rCorr   +            u - ring of flight
SInv    .            s - ring of willpower
Will    +....        I - ring of wizardry
Stlth   ++++++       (no ring)
HPRegen 0.32/turn    (no ring)
MPRegen 0.12/turn    (no ring)
                     (no ring)

%: acrobat, wizardry (x1)
@: flying, wreathed by umbra, studying Throwing
A: almost no armour, amphibious, 8 rings, camouflage 1, gelatinous body 1,
(nimble swimmer 1), tentacles
a: Renounce Religion


You were on level 8 of the Dungeon.
You worshipped Dithmenos.
Dithmenos was aware of your devotion.
You visited 2 branches of the dungeon, and saw 9 of its levels.

You collected 295 gold pieces.

Inventory:

Hand Weapons
 a - a +0 glaive (weapon)
 b - a +1 arbalest
 c - a +1 dagger of venom
 d - a +0 sling
 g - a +2 dagger
 i - a +1 whip of venom
 v - a +2 whip of flaming
 A - a +0 eveningstar
 H - a +1 trident of venom
Missiles
 f - 74 stones
 j - 20 poisoned darts
 y - 2 curare-tipped darts
Armour
 o - a +1 tower shield
Jewellery
 k - a ring of fire
 l - an amulet of the acrobat (around mantle)
 m - a ring of resist corrosion (left tentacle)
 s - a ring of willpower (on tentacle)
 u - a ring of flight (right tentacle)
 I - a ring of wizardry (on tentacle)
Wands
 h - a wand of flame (34) (quivered)
 p - a wand of paralysis (11)
 w - a wand of light (15)
 E - a wand of digging (8)
 F - a wand of iceblast (7)
 G - a wand of polymorph (8)
Scrolls
 t - 2 scrolls of poison
 x - a scroll of revelation
 z - a scroll of teleportation
 D - 2 scrolls of vulnerability
Potions
 e - 2 potions of attraction
 q - a potion of haste
 B - a potion of curing


   Skills:
 * Level 8.5 Fighting
 + Level 2.4 Short Blades
 + Level 3.5 Maces & Flails
 + Level 4.1 Polearms
 + Level 7.5 Ranged Weapons
 + Level 2.0 Throwing
 + Level 3.2 Dodging
 + Level 7.8 Stealth
 + Level 0.4 Spellcasting
 + Level 2.3 Conjurations
 + Level 1.0 Summonings
 * Level 2.0 Air Magic
 + Level 0.8 Evocations


You had 4 spell levels left.
You knew the following spells:

 Your Spells              Type           Power      Damage    Failure   Level
a - Call Imp              Summ           6%         N/A       12%         2
b - Mephitic Cloud        Conj/Pois/Air  4%         N/A       19%         3

Your spell library contained the following spells:

 Spells                   Type           Power      Damage    Failure   Level
 Magic Dart               Conj           24%        1d4       4%          1
 Sublimation of Blood     Necr           0%         N/A       16%         2
 Petrify                  Tmut/Erth      0%         N/A       69%         4
 Irradiate                Conj/Tmut      1%         3d12      86%         5


Dungeon Overview and Level Annotations

Branches:
Dungeon (8/15)             Temple (1/1) D:4
   Lair: D:8-11

Altars:
Ashenzari
Cheibriados
Dithmenos
Elyvilon
Fedhas
Gozag
Hepliaklqana
Kikubaaqudgha
Makhleb
Nemelex Xobeh
Okawaru
Qazlal
Ru
Sif Muna
Trog
Uskayaw
Vehumet
Wu Jian
Xom
Yredelemnul
Zin
The Shining One

Shops:
D:7 ?   D:8 :

Annotations:
D:7 Jeremiah


Innate Abilities, Weirdness & Mutations

You cannot wear most types of armour.
You are amphibious.
You can wear up to eight rings at the same time.
Your skin changes colour to match your surroundings (Stealth+).
Your rubbery body absorbs attacks. (AC +1, EV +1)
((You are camouflaged when in or above water. (Stealth+)))
You have tentacles for arms and can constrict up to eight enemies at once.


Message History

Aim: a komodo dragon (lightly wounded, umbra, 70% to hit)
You throw a throwing net.
The throwing net hits the komodo dragon.
The komodo dragon is caught in the net!
The komodo dragon is lightly wounded.
The komodo dragon struggles against the net.
a - a +0 glaive (weapon)
The komodo dragon struggles against the net.
You catch the helpless komodo dragon completely off-guard!
You hit the komodo dragon.
You tentacle-slap the komodo dragon, but do no damage.
You squeeze the komodo dragon.
The komodo dragon is moderately wounded.
The komodo dragon struggles against the net.
You hit the komodo dragon but do no damage.
The komodo dragon is moderately wounded.
The komodo dragon struggles against the net. x2
You catch the helpless komodo dragon completely off-guard!
You hit the komodo dragon.
The komodo dragon is moderately wounded.
The komodo dragon struggles against the net.
The net rips apart, and the komodo dragon comes free!
You completely miss the komodo dragon.
The komodo dragon is moderately wounded.
The komodo dragon misses you. The komodo dragon bites you!
You barely miss the komodo dragon. Your squeeze misses the komodo dragon.
The komodo dragon is moderately wounded.
The komodo dragon bites you!!
You slash the komodo dragon! Your squeeze misses the komodo dragon.
The komodo dragon is severely wounded.
The komodo dragon bites you!!
* * * LOW HITPOINT WARNING * * *
The komodo dragon closely misses you.
You closely miss the komodo dragon. Your squeeze misses the komodo dragon.
The komodo dragon is severely wounded.
The komodo dragon misses you.
You hit the komodo dragon but do no damage.
The komodo dragon is severely wounded.
The komodo dragon bites you!!
You die...

...........##....................
...........##................###.
...........##................# #.
#############.........######## #.
# ########### ### ## #. #.
#########.# #.#.###...[.....##
.#.#.........###....## #
..(.....l@.#.##.###..#####
.......######### #.##...##
.[..#.. ## ####.. .....## ### #
#.# ##


You could see a komodo dragon.

Vanquished Creatures
  Pikel (D:7)
  A komodo dragon (D:8)
  2 basilisks (D:8)
  A wraith (D:6)
  A wyvern (D:8)
  2 steam dragons
  An ice beast (D:6)
  2 orc warriors
  2 ogres
  A black bear (D:6)
  2 centaurs (D:6)
  A phantom (D:5)
  3 lemures (D:7)
  6 bullfrogs
  2 scorpions
  5 killer bees (D:8)
  A howler monkey (D:4)
  4 hounds
  A jelly (D:6)
  3 orc priests
  Jessica (D:3)
  2 sleepcaps
  3 iguanas
  5 orc wizards
  5 gnolls
  2 adders
  2 white imps
  3 ufetubi
  A worm (D:2)
  A dart slug (D:4)
  22 orcs
  5 endoplasms
  5 giant cockroaches
  3 hobgoblins
  2 quokkas
  8 ball pythons
  3 bats
  2 frilled lizards (D:1)
  6 goblins
  2 kobolds
  11 rats
136 creatures vanquished.

Vanquished Creatures (collateral kills)
  An orc (D:7)
1 creature vanquished.

Grand Total: 137 creatures vanquished

Notes
Turn   | Place    | Note
-------+----------+-------------------------------------------
     0 | D:1      | promet the Octopode Brigand began the quest for the Orb.
     0 | D:1      | Reached XP level 1. HP: 14/14 MP: 1/1
   116 | D:1      | You fall into a shaft and drop 1 floor!
   140 | D:1      | Reached XP level 2. HP: 20/20 MP: 2/2
   483 | D:2      | Reached XP level 3. HP: 18/25 MP: 3/3
   812 | D:2      | Reached XP level 4. HP: 22/30 MP: 4/4
   873 | D:2      | Reached skill level 3 in Fighting
  1712 | D:3      | Noticed Jessica
  1716 | D:3      | Killed Jessica
  1717 | D:3      | Reached skill level 1 in Ranged Weapons
  2061 | D:3      | Reached XP level 5. HP: 36/36 MP: 5/5
  2218 | D:3      | Found a white marble altar of Elyvilon.
  2220 | D:3      | Found a shadowy altar of Dithmenos.
  2222 | D:3      | Found a glowing silver altar of Zin.
  2223 | D:3      | Found a hide-covered altar of Uskayaw.
  2224 | D:3      | Found a radiant altar of Vehumet.
  2773 | D:4      | Found a staircase to the Ecumenical Temple.
  2782 | Temple   | Entered the Ecumenical Temple
  2911 | D:3      | Became a worshipper of Dithmenos the Shadowed
  2998 | D:4      | Reached XP level 6. HP: 42/42 MP: 6/6
  3669 | D:5      | Entered Level 5 of the Dungeon
  3669 | D:5      | Found a bloodstained altar of Trog.
  4098 | D:5      | Reached skill level 4 in Fighting
  4268 | D:5      | Reached XP level 7. HP: 48/48 MP: 7/7
  4547 | D:5      | Reached skill level 1 in Polearms
  4547 | D:5      | Reached skill level 5 in Ranged Weapons
  5454 | D:6      | Reached skill level 5 in Fighting
  5558 | D:6      | Reached XP level 8. HP: 20/55 MP: 8/8
  6500 | D:6      | Reached skill level 6 in Fighting
  6709 | D:6      | Reached * piety under Dithmenos
  6894 | D:6      | Identified the +4 spear "Ruoqag" {distort, rC+ Int+4}
  8119 | D:6      | Noticed a wraith
  8132 | D:6      | Killed a wraith
  8133 | D:6      | Reached skill level 7 in Fighting
  8133 | D:6      | Reached XP level 9. HP: 48/64 MP: 9/9
  8376 | D:7      | Noticed Jeremiah
  8417 | D:6      | Upgraded the game from 0.31-a0-981-geadf994542 to
                  | 0.31-a0-983-g7b6862f502
  8598 | D:7      | Learned a level 2 spell: Call Imp
  8602 | D:7      | Learned a level 3 spell: Mephitic Cloud
  9644 | D:7      | Found Iggavoer's Magic Scroll Shoppe.
  9810 | D:7      | Noticed Pikel
  9823 | D:7      | Killed Pikel
  9824 | D:7      | Reached skill level 1 in Maces & Flails
  9824 | D:7      | Reached skill level 1 in Conjurations
 10723 | D:8      | HP: 3/66 [poisoned by a killer bee]
 10941 | D:8      | Reached skill level 8 in Fighting
 11601 | D:8      | Noticed a komodo dragon
 12007 | D:8      | Found Vioblej's Tiny Tomes.
 12194 | D:8      | Noticed a komodo dragon
 12217 | D:8      | Killed a komodo dragon
 12218 | D:8      | Reached XP level 10. HP: 72/72 MP: 10/10
 12252 | D:8      | Reached skill level 1 in Air Magic
 12740 | D:8      | Reached skill level 1 in Summonings
 12850 | D:8      | Mangled by a komodo dragon

Illustrated notes

Levels and vault maps discovered:
D:1:      amcnicky_arrival_single_pillar, layout_rooms, minmay_close_crescents
D:2:      layout_basic
D:3:      layout_rooms, minitemple, mainiacjoe_sewer_entry_somewhere_in_here_2,
          uniq_jessica
D:4:      layout_layer_cave, minmay_temple_entry_junction
D:5:      layout_rooms, mainiacjoe_overflow_alcove_1,
          corexii_item_surrounded_by_moat, small_statue_intersection,
          uniq_crazy_yiuf_cottage
D:6:      minmay_thinvault, layout_gridville
D:7:      layout_basic, serial_shops, shop, hex_tiny, uniq_jeremiah, uniq_pikel
D:8:      layout_basic, erik_lair_dragon, serial_shops,
          nicolae_shop_real_fake_doors, nicolae_shop_i_like_small_books_too
Temple:   nicolae_temple_x_marks_the_god

Skill      XL: |  1  2  3  4  5  6  7  8  9 10 |
---------------+-------------------------------+-----
Stealth        | 6 7 |  7.8
Fighting       | 3 4 5 7 8 |  8.5
Ranged Weapons | 1 3 4 5 6 7 |  7.5
Polearms       | 1 3 4 |  4.1
Dodging        | 2 3 |  3.2
Maces & Flails | 3 |  3.5
Conjurations   | 2 |  2.3
Air Magic      | 2 |  2.0
Summonings     | 1 |  1.0
Short Blades   | |  2.4
Throwing       | |  2.0
Spellcasting   | |  0.4
Evocations     | |  0.8

Action                     |  1- 3 |  4- 6 |  7- 9 | 10-12 || total
---------------------------+-------+-------+-------+-------++-------
  Melee: Dagger            |    28 |     1 |     9 |       ||    38
         Constrict         |     6 |     9 |    18 |     2 ||    35
         Tentacles         |     6 |     6 |    31 |     6 ||    49
         Punch             |     1 |     1 |     3 |     1 ||     6
         Trident           |     8 |    21 |    61 |       ||    90
         Eveningstar       |       |       |    40 |       ||    40
         Glaive            |       |       |     9 |    19 ||    28
   Fire: Arbalest          |     5 |    83 |   111 |     9 ||   208
  Throw: Dart              |       |       |     1 |       ||     1
         Throwing net      |       |       |       |     2 ||     2
   Cast: Call Imp          |       |       |     4 |       ||     4
  Evoke: Wand              |       |       |     6 |     6 ||    12
    Use: Scroll            |       |     6 |    11 |     1 ||    18
         Potion            |       |       |     6 |       ||     6
   Stab: Sleeping          |    13 |     1 |     5 |       ||    19
         Distracted        |     1 |       |       |       ||     1
         Invisible         |       |       |     1 |       ||     1
         Held in net/web   |       |       |       |     2 ||     2
 Armour: Skin              |    12 |    24 |   119 |    15 ||   170
  Dodge: Dodged            |    13 |    25 |   132 |    11 ||   181

Table legend: (Time is in decaauts)
 A = Elapsed time spent in this place.
 B = Non-inter-level travel time spent in this place.
 C = Inter-level travel time spent in this place.
 D = Time resting spent in this place.
 E = Time spent auto-exploring this place.
 F = Levels seen in this place.
 G = Mean time per level.
                   A        B        C        D        E       F      G
               +--------+--------+--------+--------+--------+-----+--------+
         Total |  12986 |  12639 |    347 |   5403 |   2154 |   9 | 1442.9 |
       Dungeon |  12938 |  12597 |    341 |   5403 |   2154 |   8 | 1617.2 |
        Temple |     47 |     41 |      6 |      0 |      0 |   1 |   47.0 |
               +--------+--------+--------+--------+--------+-----+--------+

Top non-repeatable levels by time:
     D:6: 3134 daAuts
     D:8: 2845 daAuts
     D:5: 2010 daAuts
     D:2: 1344 daAuts
     D:7: 1273 daAuts
     D:4: 1158 daAuts
     D:3: 783 daAuts
     D:1: 388 daAuts
  Temple: 47 daAuts
